 Dungeon Crawl Stone Soup version 0.31-a0-1009-g454b1f1e0a (webtiles) character file.

Game seed: 1805389324679365938

615673 MacCMillion the Skinwalker (level 26, -2/279 HPs)
             Began as a Troll Shapeshifter on Nov 16, 2023.
             Was the Champion of Wu Jian.
             Killed from afar by a quicksilver dragon (31 damage)
             ... with a bolt of dispelling energy
             ... on level 1 of the Realm of Zot.
             The game lasted 02:41:07 (53424 turns).

MacCMillion the Skinwalker (Troll Shapeshifter)    Turns: 53424, Time: 02:41:07

Health: -2/279     AC: 18    Str: 41    XL:     26   Next: 89%
Magic:  19/19      EV:  7    Int:  6    God:    Wu Jian [******]
Gold:   3974       SH: 33    Dex: 13    Spells: 25/25 levels left

rFire   + +          +
                       - Unarmed
rCold   + + +        F - +8 tower shield
rNeg    + + +        c - +2 gold dragon scales
rPois   ∞            P - +2 hat {Stlth+}
rElec   .            u - scarf {rC+ rF+}
rCorr   .            (gloves unavailable)
SInv    +            (boots unavailable)
Will    +++..        e - amulet of reflection Stlth
                     d - ring of Cipexuph {*Corrode rPois rF+ Will+ SInv}
HPRegen 1.46/turn    R - ring "Oribease" {Str+6 Dex+2}
MPRegen 0.16/turn

%: corrode self (3%), reflection
@: death-form, studying 2 skills
A: vile attack, torment immunity, no potions, large, unfitting armour, claws 3,
regeneration 1, shaggy fur 1, tough skin 1, low MP 1, screaming 1
}: 3/15 runes: barnacled, silver, gossamer
a: Siphon Essence, Begin Untransformation, Renounce Religion, Wall Jump,
Serpent's Lash, Heavenly Storm


You were on level 1 of the Realm of Zot.
You worshipped Wu Jian.
Wu Jian was exalted by your worship.
You were an undying horror.
You visited 11 branches of the dungeon, and saw 47 of its levels.
You visited the Abyss 1 time.
You visited 2 bazaars.
You also visited: Trove, Ossuary, Gauntlet and Volcano.

You collected 7318 gold pieces.
You spent 3344 gold pieces at shops.

Inventory:

Missiles
 a - 16 silver javelins
 p - 5 throwing nets
 A - 23 javelins
 G - 78 large rocks (quivered)
Armour
 c - +2 gold dragon scales (worn)
 u - a scarf of resistance (worn)
 F - a +8 tower shield (worn)
 P - a +2 hat of stealth (worn)
Jewellery
 d - the ring of Cipexuph (left claw) {*Corrode rPois rF+ Will+ SInv}
   (You found it in a Gauntlet)

   [ring of willpower]

   rF+:       It protects you from fire.
   rPois:     It protects you from poison Will+: It increases your willpower.
   SInv:      It lets you see invisible.
   *Corrode:  It may corrode you when you take damage.
 e - an amulet of reflection (around neck)
 r - the ring of Unugeu {rN+ Dex+2}
   (You found it on level 3 of the Crypt)

   [ring of positive energy]

   Dex+2:     It affects your dexterity (+2).
   rN+:       It protects you from negative energy.
 y - a ring of resist corrosion
 D - the amulet of Atuitess {rElec Regen+}
   (You took it off a minotaur in a Gauntlet)

   [amulet of regeneration]

   rElec:     It insulates you from electricity.
   Regen+:    It increases your rate of health regeneration.
 L - the ring of Gejiuju {Drain rPois rF+ AC+4 Int+3}
   (You found it on level 1 of the Spider Nest)

   [ring of protection]

   AC+4:      It affects your AC (+4).
   Int+3:     It affects your intelligence (+3).
   rF+:       It protects you from fire.
   rPois:     It protects you from poison Drain: It drains your maximum health
   when unequipped.
 Q - the ring of Yzoarch {rC+ rN+}
   (You found it on level 3 of the Crypt)

   [ring of positive energy]

   rC+:       It protects you from cold.
   rN+:       It protects you from negative energy.
 R - the ring "Oribease" (right claw) {Str+6 Dex+2}
   (You took it off a centaur warrior on level 9 of the Dungeon)

   [ring of strength]

   Str+6:     It affects your strength (+6).
   Dex+2:     It affects your dexterity (+2).
 Y - a ring of protection from fire
Talismans
 i - a granite talisman
 U - a talisman of death (active)
Wands
 n - a wand of roots (55)
 q - a wand of paralysis (35)
 B - a wand of flame (65)
 C - a wand of mindburst (39)
 N - a wand of quicksilver (26)
 O - a wand of polymorph (19)
 V - a wand of digging (15)
Scrolls
 f - 9 scrolls of blinking
 j - 5 scrolls of vulnerability
 l - 14 scrolls of teleportation
 m - 2 scrolls of torment
 t - 6 scrolls of immolation
 w - 5 scrolls of fear
 J - a scroll of revelation
 K - 8 scrolls of fog
 M - 2 scrolls of butterflies
 S - 5 scrolls of silence
 X - 4 scrolls of noise
 Z - 6 scrolls of poison
Potions
 b - 24 potions of heal wounds
 g - 25 potions of curing
 h - 14 potions of haste
 k - 12 potions of might
 o - 8 potions of magic
 s - 5 potions of resistance
 v - 11 potions of ambrosia
 x - 11 potions of mutation
 z - 13 potions of attraction
 E - 9 potions of enlightenment
 H - 4 potions of berserk rage
 I - 7 potions of invisibility
 T - 8 potions of cancellation
Miscellaneous
 W - a phial of floods


   Skills:
 + Level 19.3 Fighting
 + Level 10.4 Throwing
 - Level 10.0 Dodging
 - Level 19.0 Shields
 + Level 23.8 Unarmed Combat
 + Level 25.1 Shapeshifting


You had 25 spell levels left.
You didn't know any spells.
Your spell library contained the following spells:

 Spells                   Type           Power      Damage    Failure   Level
 Apportation              Tloc           0%         N/A       100%        1
 Kiss of Death            Conj/Necr      0%         2d5       100%        1
 Necrotise                Necr           0%         1d4       100%        1
 Slow                     Hex            0%         N/A       100%        1
 Sting                    Tmut/Pois      0%         1d3       100%        1
 Blink                    Tloc           0%         N/A       100%        2
 Cigotuvi's Dreadful Rot  Necr/Pois/Air  0%         N/A       100%        2
 Jinxbite                 Hex            0%         N/A       100%        2
 Momentum Strike          Conj/Tloc      0%         3d8       100%        2
 Poisonous Vapours        Pois/Air       0%         N/A       100%        2
 Sublimation of Blood     Necr           0%         N/A       100%        2
 Wereblood                Tmut           0%         N/A       100%        2
 Confusing Touch          Hex            0%         N/A       100%        3
 Frozen Ramparts          Ice            0%         1d1       100%        3
 Hailstorm                Conj/Ice       0%         3d3       100%        3
 Ignite Poison            Fire/Tmut/Pois 0%         N/A       100%        3
 Inner Flame              Hex/Fire       0%         N/A       100%        3
 Ozocubu's Armour         Ice            0%         N/A       100%        3
 Sigil of Binding         Hex            0%         N/A       100%        3
 Stone Arrow              Conj/Erth      0%         3d7       100%        3
 Summon Guardian Golem    Hex/Summ       0%         N/A       100%        3
 Tukima's Dance           Hex            0%         N/A       100%        3
 Vampiric Draining        Necr           0%         2d6       100%        3
 Animate Armour           Summ/Erth      0%         N/A       100%        4
 Brom's Barrelling Bould  Conj/Erth      0%         2d3       100%        4
 Dimensional Bullseye     Hex/Tloc       0%         N/A       100%        4
 Dispel Undead            Necr           0%         3d6       100%        4
 Flame Wave               Conj/Fire      0%         2d4       100%        4
 Iskenderun's Mystic Bla  Conj/Tloc      0%         2d3       100%        4
 Leda's Liquefaction      Hex/Erth       0%         N/A       100%        4
 Manifold Assault         Tloc           0%         N/A       100%        4
 Olgreb's Toxic Radiance  Pois           0%         N/A       100%        4
 Petrify                  Tmut/Erth      0%         N/A       100%        4
 Sticky Flame             Conj/Fire      0%         2d3       100%        4
 Summon Ice Beast         Ice/Summ       0%         N/A       100%        4
 Vhi's Electric Charge    Tloc/Air       0%         N/A       100%        4
 Agony                    Necr           0%         N/A       100%        5
 Alistair's Intoxication  Tmut/Pois      0%         N/A       100%        5
 Arcjolt                  Conj/Air       0%         1d10      100%        5
 Borgnjor's Vile Clutch   Necr/Erth      0%         N/A       100%        5
 Fireball                 Conj/Fire      0%         3d3       100%        5
 Freezing Cloud           Conj/Ice/Air   0%         6-21      100%        5
 Irradiate                Conj/Tmut      0%         3d11      100%        5
 Iskenderun's Battlesphe  Conj           0%         2d6       100%        5
 Lee's Rapid Deconstruct  Erth           0%         3d4*      100%        5
 Metabolic Englaciation   Hex/Ice        0%         N/A       100%        5
 Summon Forest            Summ/Tloc      0%         N/A       100%        5
 Summon Mana Viper        Hex/Summ       0%         N/A       100%        5
 Yara's Violent Unravell  Hex/Tmut       0%         3d3       100%        5
 Bombard                  Conj/Erth      0%         9d1       100%        6
 Conjure Ball Lightning   Conj/Air       0%         3x3d6     100%        6
 Death Channel            Necr           0%         N/A       100%        6
 Eringya's Noxious Bog    Tmut/Pois      0%         4d6       100%        6
 Simulacrum               Ice/Necr       0%         N/A       100%        6
 Enfeeble                 Hex            0%         N/A       100%        7
 Haunt                    Necr/Summ      0%         N/A       100%        7
 Malign Gateway           Summ/Tloc      0%         N/A       100%        7
 Monstrous Menagerie      Summ           0%         N/A       100%        7
 Orb of Destruction       Conj           0%         9d5       100%        7
 Ozocubu's Refrigeration  Ice            0%         4d7       100%        7
 Spellforged Servitor     Conj/Summ      0%         N/A       100%        7
 Summon Hydra             Summ           0%         N/A       100%        7
 Borgnjor's Revivificati  Necr           0%         N/A       100%        8
 Discord                  Hex            0%         N/A       100%        8
 Ignition                 Fire           0%         3d3       100%        8
 Lehudib's Crystal Spear  Conj/Erth      0%         10d2      100%        8
 Maxwell's Capacitive Co  Air            0%         ∞         100%        8
 Summon Horrible Things   Summ           0%         N/A       100%        8


Dungeon Overview and Level Annotations

Branches:
Dungeon (15/15)            Temple (1/1) D:4            Lair (5/5) D:11
 Shoals (4/4) Lair:3       Spider (4/4) Lair:3        Slime (0/5) Lair:5
    Orc (2/2) D:11            Elf (3/3) Orc:2        Vaults (5/5) D:13
  Crypt (3/3) Vaults:2       Tomb (0/3) Crypt:3      Depths (4/4) D:15
    Zot (1/5) Depths:4    Ossuary (visited)         Volcano (visited)
Gauntlet (visited)

Altars:
Ashenzari
Cheibriados
Dithmenos
Elyvilon
Fedhas
Gozag
Hepliaklqana
Kikubaaqudgha
Makhleb
Nemelex Xobeh
Okawaru
Qazlal
Ru
Sif Muna
Trog
Uskayaw
Vehumet
Wu Jian
Xom
Yredelemnul
Zin

Shops:
D:4 :   Orc:2 [(*=   Elf:3 !   Shoals:1 **   Vaults:2 [   Vaults:3 *
Vaults:4 *   Vaults:5 !*[!   Depths:2 [!**

Portals:
Hell: Depths:1 Depths:2 Depths:3 Depths:4
Abyss: Depths:3 Depths:4
Pandemonium: Depths:2
Ziggurat: Depths:2

Annotations:
D:6 2 runed translucent doors
D:8 exclusion: obsidian statue
D:9 !danger
D:10 3 runed translucent doors, voshxx's ghost, novice SpEn
Lair:4 3 runed translucent doors, ongoing's ghost, journeyman DgGl
Crypt:2 1 runed translucent door, Asajosug's ghost, legendary GrBe
Depths:2 1 runed translucent door


Innate Abilities, Weirdness & Mutations

You are an undying horror.
Your melee and unarmed attacks drain, slow and weaken victims.
You are immune to unholy pain and torment.
You cannot drink.
You are immune to poison.
You are too large for most types of armour.
You have claws for hands.
Your natural rate of healing is unusually fast.
You are covered in fur. (AC +1)
You have tough skin. (AC +1)
Your magical capacity is low. (-10% MP)
You occasionally shout uncontrollably at your foes.


Message History

The red draconian breathes fire at you. The searing blast hits you. You resist.
* * * LOW HITPOINT WARNING * * *
The yellow draconian is no longer moving slowly.
The yellow draconian is no longer weakened.
The quicksilver dragon breathes dispelling energy at you.
The bolt of dispelling energy hits you!!!
Your magical effects are unravelling.
* * * LOW HITPOINT WARNING * * *
You are no longer corroded.
The quicksilver dragon is engulfed in blazing flames.
The golden dragon breathes poison at you.
The quicksilver dragon is engulfed in poison gas.
The quicksilver dragon is poisoned.
The quicksilver dragon breathes dispelling energy at you.
The bolt of dispelling energy hits you.
* * * LOW HITPOINT WARNING * * *
The red draconian breathes fire at you. The searing blast hits you. You resist.
* * * LOW HITPOINT WARNING * * *
The quicksilver dragon is engulfed in poison gas.
The quicksilver dragon looks even sicker.
The quicksilver dragon breathes dispelling energy at you.
The bolt of dispelling energy hits you!!
* * * LOW HITPOINT WARNING * * *
The quicksilver dragon is engulfed in poison gas.
The quicksilver dragon looks even sicker.
The quicksilver dragon is engulfed in poison gas.
The quicksilver dragon looks as sick as possible!
The red draconian is engulfed in poison gas.
The red draconian is poisoned.
The red draconian is engulfed in poison gas.
The red draconian looks even sicker.
The quicksilver dragon is engulfed in poison gas.
The quicksilver dragon looks as sick as possible!
Things that are here:
a +0 cloak; a +0 dagger; a yellow draconian skeleton The quicksilver dragon breathes dispelling energy at you.
The bolt of dispelling energy hits you!!
You die...

...######○Dq##
#.# ..##
##X°.## #.# ..
##d..###.# ..
##D..##.##
##.°....#
##..)..#
#.....#
###[.##
####z.#
#..∩[†#
#.÷.).####
#.#.)......#
#.!##..)...#
##.......⌠.#
#......####
#...#.....#
#####.....#


You could see a tentacled monstrosity, a red draconian (very poisoned) and a
quicksilver dragon (extremely poisoned, catching breath).

Vanquished Creatures
  A dread lich (Vaults:5)
  2 ancient liches (Vaults:5)
  Khufu (Crypt:2)
  Sojobo (Vaults:2)
  Vv (Depths:3)
  3 royal mummies (Crypt:2)
  Saint Roka (Depths:1)
  Frederick (Vaults:3)
  Xtahua (Vaults:3)
  Margery (Vaults:3)
  3 caustic shrikes (Depths:1)
  5 golden dragons
  Jory (Vaults:2)
  A profane servitor (Crypt:3)
  the Enchantress (Depths:2)
  Nikola (Elf:2)
  Norris (Vaults:2)
  2 bone dragons
  An electric golem (Zot:1)
  5 tentacled monstrosities
  3 titans
  A walking divine tome (Depths:4)
  3 liches
  2 deep elf blademasters
  2 quicksilver dragons (Vaults:5)
  A deep elf master archer (Elf:3)
  3 tentacled starspawn (Abyss:3)
  2 krakens
  Asterion (Vaults:2)
  A death cob (Zot:1)
  7 sphinxes
  5 ancient champions
  Frances (Shoals:2)
  4 shadow dragons
  Roxanne (D:15)
  Aizul (Vaults:2)
  14 tengu reavers
  Donald (Crypt:1)
  6 revenants
  6 storm dragons
  10 deep elf sorcerers (Elf:3)
  A fenstrider witch (shapeshifter) (Vaults:5)
  7 fire giants
  5 frost giants
  A draconian knight (Zot:1)
  A draconian monk (Zot:1)
  5 emperor scorpions
  A draconian scorcher (Depths:4)
  An iron dragon (Vaults:5)
  4 ghost moths
  A balrug (Abyss:3)
  19 vault wardens
  2 draconian shifters (Zot:1)
  9 deep elf elementalists
  3 caustic shrike zombies (Crypt:3)
  3 orc warlords
  3 curse skulls
  14 very ugly things
  11 ghouls
  A caustic shrike skeleton (Crypt:2)
  4 war gargoyles
  13 stone giants
  3 spriggan defenders (Depths:2)
  3 reapers
  3 draconian annihilators
  18 ironbound preservers
  A formless jellyfish (Vaults:4)
  9 ironbound thunderhulks
  13 vampire knights
  Nessos (D:15)
  7 deep elf demonologists
  2 broodmothers (Spider:4)
  2 red draconians
  2 deep elf annihilators
  6 green draconians
  2 minotaurs
  2 white draconians
  8 spark wasps
  3 black draconians
  A bunyip (Abyss:3)
  11 dire elephants
  2 yellow draconians
  Snorg (D:12)
  A green death (Abyss:3)
  A quicksilver dragon zombie (Depths:1)
  12 deep elf death magi
  9 eidola
  8 merfolk javelineers
  7 ettins
  18 jiangshi
  3 crystal guardians
  A mummy priest (Crypt:3)
  7 deep elf high priests
  8 merfolk impalers
  20 yaktaur captains
  9 fire dragons
  9 entropy weavers
  A quicksilver dragon skeleton (Crypt:1)
  Harold (Lair:1)
  7 hydras
  3 great orbs of eyes
  31 vault guards
  A hell beast (Depths:1)
  3 peacekeepers
  2 rakshasas (Depths:1)
  5 spriggan air magi
  An ogre mage (Vaults:5)
  3 jorogumos
  A catoblepas (Lair:5)
  A radroach (Spider:1)
  A catoblepas (shapeshifter) (Vaults:5)
  3 merfolk aquamancers
  Erolcha (D:11)
  2 ice dragons
  A sphinx zombie (Vaults:5)
  8 death knights
  14 ironbound frosthearts
  32 dancing weapons
  4 merfolk avatars (Shoals:4)
  3 deep troll shamans
  26 centaur warriors
  A spriggan skeleton (Depths:1)
  10 boulder beetles
  3 death yaks
  Erica (Orc:1)
  Urug (D:11)
  9 vampire magi
  3 satyrs (Shoals:2)
  5 hell hogs
  2 two-headed ogres
  2 deep troll earth magi (Depths:2)
  A titan zombie (Depths:1)
  3 tengu warriors
  3 demonic crawlers
  3 spriggan berserkers
  A thrashing horror (Abyss:3)
  An orc high priest (Orc:2)
  13 hell knights
  7 sun demons (Depths:1)
  13 deep elf knights
  Nergalle (Orc:1)
  4 wretched stars (Abyss:3)
  8 shadow wraiths
  2 iron trolls
  A storm dragon skeleton (Crypt:2)
  A golden dragon zombie (Crypt:1)
  10 sea snakes
  3 sun moths
  5 pharaoh ants
  5 anaconda zombies
  6 orb spiders
  7 skysharks
  6 glowing orange brains
  2 salamander mystics
  26 skeletal warriors
  A sixfirhy (Depths:2)
  57 deep trolls
  A shadow dragon zombie (Crypt:3)
  A shadow demon (Abyss:3)
  An obsidian statue (Volcano)
  A bog body (Crypt:2)
  4 deep elf archers
  36 phantasmal warriors
  13 lindwurms
  13 flayed ghosts
  10 arcanists
  Pikel (D:4)
  19 ironbound convokers
  21 deep elf pyromancers
  10 steelbarb worms
  23 harpies
  A sphinx simulacrum (Vaults:5)
  8 orc knights
  10 necromancers
  35 ugly things
  A shining eye (Depths:1)
  A will-o-the-wisp (Abyss:3)
  2 frost giant zombies
  A mana viper (shapeshifter) (Depths:4)
  6 orc sorcerers
  25 deep elf zephyrmancers
  26 wolf spiders
  14 manticores
  29 fauns
  4 cyclopes
  8 moths of wrath
  25 elephants
  7 salamanders
  16 merfolk sirens
  2 worldbinders (Abyss:3)
  Joseph (Lair:1)
  17 vault sentinels
  A moth of wrath (shapeshifter) (Vaults:5)
  2 eyes of devastation (Depths:1)
  An elephant (shapeshifter) (Vaults:5)
  Maurice (D:12)
  An ice statue (D:8)
  2 frost giant skeletons
  6 black mambas
  A torpor snail (shapeshifter) (D:15)
  A storm dragon simulacrum (Crypt:2)
  An apocalypse crab (Abyss:3)
  6 water nymphs
  4 torpor snails
  13 cane toads
  4 smoke demons
  3 gargoyles (D:12)
  An orange demon (Abyss:3)
  2 kobold demonologists (D:13)
  4 rime drakes
  6 komodo dragons
  A yaktaur zombie (Vaults:2)
  30 yaktaurs
  2 efreet
  8 freezing wraiths
  32 merfolk
  A minotaur skeleton (Crypt:2)
  6 tengu conjurers
  6 meliai
  6 trolls
  4 ancient zymes (Abyss:3)
  5 polar bears (Lair:5)
  An iron troll skeleton (Crypt:2)
  15 hornets
  A harpy skeleton (Crypt:2)
  7 raiju (Abyss:3)
  7 wind drakes
  4 spriggan zombies
  Grinder (D:6)
  9 dream sheep
  35 tarantellas
  A glass eye (Depths:1)
  11 blink frogs
  31 slime creatures
  An ettin zombie (Crypt:3)
  10 snapping turtles
  A fire dragon zombie (Crypt:3)
  41 yaks
  5 air elementals
  9 flying skulls
  31 jumping spiders
  19 culicivoras
  13 wraiths
  5 wyverns
  7 fire bats (Volcano)
  5 shadows
  3 ushabtiu (Crypt:3)
  8 large abominations (Abyss:3)
  17 spriggans
  36 water elementals
  2 ynoxinuls (Abyss:3)
  3 basilisks
  3 fire elementals
  5 steam dragons
  A chaos spawn (Abyss:3)
  2 neqoxecs (Abyss:3)
  Eustachio (D:3)
  Grum (Lair:1)
  55 redbacks
  4 vampire mosquitoes
  An ogre zombie (Vaults:2)
  2 wargs
  Edmund (D:5)
  2 swamp worms (Gauntlet)
  A hell hound (Volcano)
  20 water moccasins
  3 acid dragons
  A meliai simulacrum (D:14)
  6 small abominations (Abyss:3)
  Duvessa (D:4)
  3 ice beasts
  33 orc warriors
  2 sky beasts (D:7)
  5 black bears
  5 ogres
  A lindwurm skeleton (Crypt:1)
  9 centaurs
  A hog zombie (Crypt:1)
  A lemure (D:4)
  35 wolves
  5 boggarts (Lair:5)
  2 human skeletons
  2 phantoms (Crypt:3)
  7 bullfrogs
  6 kobold brigands
  7 earth elementals
  13 scorpions
  16 necrophages
  A water moccasin zombie (Crypt:1)
  5 wyvern skeletons (Crypt:3)
  5 wights (D:8)
  Dowan (D:4)
  A raiju zombie (Crypt:1)
  3 killer bees (D:10)
  A warg skeleton (Crypt:2)
  A wolf zombie (Crypt:2)
  4 howler monkeys
  3 crimson imps (Gauntlet)
  5 electric eels
  6 lava snakes (Volcano)
  A centaur zombie (Ossuary)
  22 orc priests
  3 human zombies
  3 jellies
  3 hounds
  12 starcursed masses (Abyss:3)
  4 sleepcaps
  3 gnoll boudas
  5 scorpion zombies (Ossuary)
  18 orc wizards
  7 iguanas
  7 hell rats (Lair:2)
  A deep dwarf zombie (Crypt:2)
  A sky beast zombie (Crypt:1)
  2 human simulacra (D:10)
  A hound skeleton (D:6)
  3 mummies (Ossuary)
  13 gnolls
  7 adders
  A swamp drake skeleton (Crypt:2)
  3 shadow imps
  3 white imps
  A worm (D:5)
  3 dart slugs
  72 orcs
  9 bats
  10 endoplasms
  A giant cockroach (D:4)
  4 goblins
  4 hobgoblins
  2 jackals (D:1)
  20 kobolds
  7 quokkas
  6 ball pythons
  A dart slug zombie (Crypt:2)
  A frilled lizard (D:3)
  A frilled lizard skeleton (Crypt:1)
  A hobgoblin zombie (Ossuary)
  A jackal zombie (Crypt:2)
  3 kobold zombies (Ossuary)
  4 orc zombies (Ossuary)
  7 rats
  A spectral orc (D:13)
  2 spectral weapons (Elf:2)
  A starspawn tentacle (Abyss:3)
2290 creatures vanquished.

Vanquished Creatures (others)
  A dancing weapon (Elf:2)
  A deep elf zephyrmancer (Elf:1)
  An orc warrior (Vaults:5)
  A lurking horror (Abyss:3)
  4 starspawn tentacles (Abyss:3)
  4 tentacles (Shoals:3)
12 creatures vanquished.

Grand Total: 2302 creatures vanquished

Notes
Turn   | Place    | Note
-------+----------+-------------------------------------------
     0 | D:1      | MacCMillion the Troll Shapeshifter began the quest for the
                  | Orb.
     0 | D:1      | Reached XP level 1. HP: 18/18 MP: 0/0
   171 | D:1      | Reached XP level 2. HP: 26/26 MP: 1/1
   691 | D:2      | Reached XP level 3. HP: 12/32 MP: 2/2
   897 | D:2      | Reached XP level 4. HP: 40/40 MP: 3/3
   908 | D:2      | Reached skill level 5 in Unarmed Combat
  1860 | D:3      | Found the +6 shillelagh "Devastator" {shatter}
  2107 | D:3      | Reached XP level 5. HP: 46/46 MP: 4/4
  2501 | D:4      | Noticed Eustachio
  2501 | D:4      | Noticed Pikel
  2501 | D:4      | Noticed a lemure
  2515 | D:3      | Killed Eustachio
  2516 | D:3      | Reached XP level 6. HP: 27/54 MP: 5/5
  2959 | D:4      | Noticed Duvessa
  2959 | D:4      | Noticed Dowan
  2972 | D:4      | Killed Duvessa
  2973 | D:4      | Reached XP level 7. HP: 44/61 MP: 6/6
  3024 | D:4      | Killed Dowan
  3132 | D:4      | Paralysed by Pikel for 5 turns
  3143 | D:4      | Killed Pikel
  3144 | D:4      | Reached skill level 10 in Unarmed Combat
  3144 | D:4      | Reached XP level 8. HP: 22/68 MP: 7/7
  3591 | D:4      | Found Jiq Diadaet's Book Shoppe.
  3710 | D:4      | Found a staircase to the Ecumenical Temple.
  3739 | Temple   | Entered the Ecumenical Temple
  3761 | Temple   | Became a worshipper of the Wu Jian Council
  3829 | D:5      | Entered Level 5 of the Dungeon
  4230 | D:5      | Reached * piety under Wu Jian
  4259 | D:5      | Noticed Edmund
  4270 | D:5      | Reached skill level 4 in Shapeshifting
  4272 | D:5      | Killed Edmund
  4604 | D:5      | Reached skill level 5 in Shapeshifting
  5008 | D:6      | Reached XP level 9. HP: 55/75 MP: 8/8
  5275 | D:6      | Reached skill level 6 in Shapeshifting
  5423 | D:6      | Found a large runed translucent door.
  5423 | D:6      | Found a large runed translucent door.
  5474 | D:6      | Found a burning altar of Makhleb.
  5540 | D:6      | Noticed Grinder
  5543 | D:6      | Killed Grinder
  5544 | D:6      | Reached skill level 7 in Shapeshifting
  5790 | D:7      | Reached skill level 8 in Shapeshifting
  6846 | D:8      | Reached ** piety under Wu Jian
  6861 | D:8      | Found a shadowy altar of Dithmenos.
  6931 | D:8      | Reached skill level 9 in Shapeshifting
  6931 | D:8      | Reached skill level 1 in Fighting
  7129 | D:8      | Reached XP level 10. HP: 76/87 MP: 9/9
  7137 | D:8      | Noticed an ice statue
  7153 | D:8      | Noticed an obsidian statue
  7187 | D:8      | Found a sand-covered staircase.
  7201 | Ossuary  | Entered an ossuary
  7491 | Ossuary  | Reached skill level 10 in Shapeshifting
  7499 | Ossuary  | Reached *** piety under Wu Jian
  7962 | D:8      | Killed an ice statue
  8241 | D:9      | Noticed a two-headed ogre
  8665 | D:9      | Killed a two-headed ogre
  8666 | D:9      | Reached XP level 11. HP: 77/101 MP: 10/10
  8709 | D:9      | Identified the ring "Oribease" {Str+6 Dex+2}
  8709 | D:9      | Noticed a centaur warrior
  8719 | D:9      | Killed a centaur warrior
  8720 | D:9      | Reached skill level 11 in Shapeshifting
  8752 | D:9      | Noticed a centaur warrior
  8757 | D:9      | Killed a centaur warrior
  8768 | D:9      | Reached skill level 5 in Fighting
  8799 | D:9      | Noticed a skeletal warrior
  8818 | D:9      | Noticed a deep elf pyromancer
  8893 | D:9      | Killed a deep elf pyromancer
  8969 | D:9      | Noticed a centaur warrior
  8980 | D:9      | Killed a centaur warrior
  9084 | D:9      | Reached **** piety under Wu Jian
  9126 | D:10     | Entered Level 10 of the Dungeon
  9129 | D:10     | Found a hide-covered altar of Uskayaw.
  9357 | D:10     | Found a shimmering blue altar of Sif Muna.
  9780 | D:10     | Found a runed translucent gate.
  9780 | D:10     | Found a runed translucent gate.
  9781 | D:10     | Found a runed translucent gate.
  9782 | D:10     | Noticed voshxx's ghost (novice SpEn)
 10021 | D:11     | Noticed Erolcha
 10050 | D:11     | Noticed a two-headed ogre
 10061 | D:11     | Killed a two-headed ogre
 10152 | D:11     | Found a staircase to the Orcish Mines.
 10340 | D:11     | Found a gate leading to a gauntlet.
 10349 | Gauntlet | Entered a Gauntlet
 10349 | Gauntlet | Noticed a tengu warrior
 10349 | Gauntlet | Found a transporter.
 10349 | Gauntlet | Found a transporter.
 10349 | Gauntlet | Found a transporter.
 10358 | Gauntlet | Found a transporter.
 10368 | Gauntlet | Found a transporter.
 10383 | Gauntlet | Found a transporter.
 10395 | Gauntlet | Found a transporter.
 10408 | Gauntlet | Found a transporter.
 10414 | Gauntlet | Found a transporter.
 10416 | Gauntlet | Noticed a necromancer
 10428 | Gauntlet | Found a transporter.
 10447 | Gauntlet | Found a transporter.
 10449 | Gauntlet | Found a transporter.
 10545 | Gauntlet | Killed a tengu warrior
 10603 | Gauntlet | Reached skill level 12 in Shapeshifting
 10628 | Gauntlet | Killed a necromancer
 10629 | Gauntlet | Reached XP level 12. HP: 113/115 MP: 11/11
 10664 | Gauntlet | Identified the amulet of Atuitess {rElec Regen+}
 10664 | Gauntlet | Noticed a minotaur
 10672 | Gauntlet | Killed a minotaur
 10699 | Gauntlet | Identified the ring "Leichuq" {rN+ Will+ Dex+5 Stlth+}
 10699 | Gauntlet | Identified the ring of Cipexuph {*Corrode rPois rF+ Will+
                  | SInv}
 10750 | D:11     | Noticed Urug
 10757 | D:11     | Killed Urug
 10905 | D:11     | Found a portal to a secret trove of treasure.
 10978 | D:11     | Found a staircase to the Lair.
 11115 | D:11     | Killed Erolcha
 11147 | D:13     | Identified the of Duasch Zama
 11147 | Lair:1   | Entered Level 1 of the Lair of Beasts
 11177 | Lair:1   | Noticed Grum
 11227 | Lair:1   | Killed Grum
 11285 | Lair:1   | Noticed Joseph
 11295 | Lair:1   | Killed Joseph
 11464 | Lair:1   | Noticed Harold
 11473 | Lair:1   | Killed Harold
 11952 | Lair:1   | Reached skill level 13 in Shapeshifting
 12267 | Lair:2   | Reached ***** piety under Wu Jian
 12438 | Lair:2   | Reached XP level 13. HP: 128/128 MP: 12/12
 12445 | Lair:2   | Found a snail-covered altar of Cheibriados.
 12750 | Lair:3   | Found a hole to the Spider Nest.
 12818 | Lair:3   | Found a stormy altar of Qazlal.
 13499 | Lair:3   | Found a staircase to the Shoals.
 13726 | Lair:3   | Identified the +6 falchion "Pendulum" {heavy, rF+}
 13867 | Lair:4   | Reached skill level 15 in Unarmed Combat
 14114 | Lair:4   | Reached skill level 14 in Shapeshifting
 14150 | Lair:4   | Found a runed translucent gate.
 14150 | Lair:4   | Found a runed translucent gate.
 14152 | Lair:4   | Noticed ongoing's ghost (journeyman DgGl)
 14276 | Lair:4   | Found a runed translucent gate.
 14326 | Lair:4   | Reached skill level 10 in Fighting
 14718 | Lair:5   | Entered Level 5 of the Lair of Beasts
 14879 | Lair:5   | Reached XP level 14. HP: 144/144 MP: 13/13
 15181 | Lair:5   | Reached ****** piety under Wu Jian
 15423 | Lair:5   | Found a staircase to the Slime Pits.
 16158 | Orc:1    | Entered Level 1 of the Orcish Mines
 16171 | Orc:1    | Identified a scroll of acquirement
 16225 | Orc:1    | Found a dark tunnel.
 16230 | Volcano  | Entered a volcano
 16375 | Volcano  | Found a bloodstained altar of Trog.
 16401 | Volcano  | Reached skill level 15 in Shapeshifting
 16674 | Orc:2    | Entered Level 2 of the Orcish Mines
 16690 | Orc:2    | Found a staircase to the Elven Halls.
 16726 | Orc:2    | Noticed an orc warlord
 16903 | Orc:2    | Killed an orc warlord
 16935 | Orc:2    | Found Nerysm's Antique Armour Boutique.
 16944 | Orc:2    | Found Qauthouch's Antique Weapon Boutique.
 16962 | Orc:2    | Found Ugozeica's Jewellery Boutique.
 17405 | Orc:2    | Found Yritoen's General Store.
 17411 | Orc:2    | Bought a potion of heal wounds for 75 gold pieces
 17649 | Orc:1    | Noticed Erica
 17655 | Orc:1    | Killed Erica
 17704 | Orc:1    | Noticed Nergalle
 17710 | Orc:1    | Killed Nergalle
 18419 | D:12     | Noticed Snorg
 18426 | D:12     | Killed Snorg
 18436 | D:12     | Noticed Maurice
 18440 | D:12     | Killed Maurice
 18441 | D:12     | Reached XP level 15. HP: 156/156 MP: 14/14
 19084 | D:13     | Found a gate to the Vaults.
 19167 | D:13     | Acquired a manual of Dodging
 19382 | D:13     | Found a hazy altar of Hepliaklqana.
 19834 | D:14     | Identified the staff of Iched {rF+ rC+ rN+ Str+2 Int+2
                  | Fire}
 20032 | D:14     | You fall into a shaft and drop 1 floor!
 20032 | D:15     | Entered Level 15 of the Dungeon
 20033 | D:15     | Noticed Nessos
 20038 | D:15     | Killed Nessos
 21051 | D:15     | Reached skill level 16 in Shapeshifting
 21541 | D:15     | Noticed Roxanne
 21572 | D:15     | Killed Roxanne
 21887 | D:15     | Found a staircase to the Depths.
 22138 | Spider:1 | Entered Level 1 of the Spider Nest
 22390 | Spider:1 | Reached XP level 16. HP: 169/169 MP: 15/15
 22884 | Spider:1 | Identified the ring of Gejiuju {Drain rPois rF+ AC+4 Int+3}
 23030 | Spider:1 | Reached skill level 1 in Throwing
 23533 | Spider:2 | Reached skill level 5 in Throwing
 25375 | Spider:4 | Entered Level 4 of the Spider Nest
 25530 | Spider:4 | Reached XP level 17. HP: 178/178 MP: 16/16
 25784 | Spider:4 | Reached skill level 10 in Throwing
 26162 | Spider:4 | Reached skill level 5 in Dodging
 26577 | Spider:4 | Reached XP level 18. HP: 187/187 MP: 17/17
 26584 | Spider:4 | Got a gossamer rune of Zot
 26740 | Shoals:1 | Entered Level 1 of the Shoals
 27066 | Shoals:1 | Reached skill level 10 in Dodging
 27071 | Shoals:1 | Reached skill level 17 in Shapeshifting
 27137 | Shoals:1 | Found Baomuran's General Store.
 27139 | Shoals:1 | Found Vechyv Abee's Specific Store.
 27414 | Shoals:1 | Reached skill level 1 in Shields
 27679 | Shoals:2 | Noticed Frances
 27682 | Abyss:3  | Found a corrupted altar of Lugonu.
 27682 | Abyss:3  | Cast into level 3 of the Abyss (Frances)
 27683 | Abyss:3  | Found a hide-covered altar of Uskayaw.
 27760 | Abyss:3  | Found a corrupted altar of Lugonu.
 27776 | Abyss:3  | Gained mutation: You occasionally shout uncontrollably at
                  | your foes. [a neqoxec]
 27776 | Abyss:3  | Gained mutation: Your magical capacity is low. (-10% MP) [a
                  | neqoxec]
 27854 | Abyss:3  | Noticed a lich
 27859 | Abyss:3  | Killed a lich
 27901 | Abyss:3  | Reached skill level 5 in Shields
 28016 | Abyss:3  | Found a corrupted altar of Lugonu.
 28140 | Shoals:2 | Escaped the Abyss
 28141 | Shoals:2 | Killed Frances
 28621 | Shoals:2 | Identified the +6 arbalest of Demonkind {heavy, rElec rF++
                  | Str+4 Int-3}
 29011 | Shoals:2 | Reached XP level 19. HP: 196/196 MP: 16/16
 29343 | Shoals:2 | Identified the +3 longbow "Ruxur" {freeze, rC+ rN+}
 29357 | Shoals:2 | Found a hide-covered altar of Uskayaw.
 29560 | Shoals:2 | Acquired an amulet of reflection
 29782 | Shoals:3 | Reached skill level 10 in Shields
 30692 | Shoals:4 | Entered Level 4 of the Shoals
 31750 | Shoals:4 | Got a barnacled rune of Zot
 32034 | Vaults:1 | Entered Level 1 of the Vaults
 32645 | Vaults:1 | Found a flickering gateway to a bazaar.
 32654 | Bazaar   | Entered a bazaar
 32660 | Bazaar   | Found Fopazury's Jewellery Shop.
 32660 | Bazaar   | Found Okiheod's Book Boutique.
 32671 | Bazaar   | Bought a manual of Shields for 960 gold pieces
 32850 | Vaults:1 | Reached XP level 20. HP: 205/205 MP: 17/17
 32867 | Vaults:1 | Reached skill level 15 in Shields
 33485 | Vaults:2 | Identified the serpent talisman of the Blacksmith {Int+6
                  | Dex-2}
 33485 | Vaults:2 | Noticed Aizul
 33486 | Vaults:2 | Noticed Jory
 33491 | Vaults:2 | Killed Aizul
 33500 | Vaults:2 | Killed Jory
 33531 | Vaults:2 | Found Arean's Armour Emporium.
 33800 | Vaults:2 | Noticed Sojobo
 33809 | Vaults:2 | Paralysed by an air elemental for 1 turns
 33812 | Vaults:2 | Paralysed by an air elemental for 1 turns
 33814 | Vaults:2 | Killed Sojobo
 33921 | Vaults:2 | Noticed Norris
 33929 | Vaults:2 | Killed Norris
 34614 | Vaults:2 | Found a staircase to the Crypt.
 34614 | Vaults:2 | Found a basalt altar of Yredelemnul.
 34615 | Vaults:2 | Found an ancient bone altar of Kikubaaqudgha.
 34831 | Vaults:2 | Noticed Asterion
 34842 | Vaults:2 | Killed Asterion
 35218 | Vaults:3 | Noticed Xtahua
 35227 | Vaults:3 | Paralysed by Xtahua for 3 turns
 35230 | Vaults:3 | Killed Xtahua
 35284 | Vaults:3 | Found Balas's Assorted Antiques.
 35314 | Vaults:3 | Noticed Margery
 35321 | Vaults:3 | Killed Margery
 35524 | Vaults:3 | Reached XP level 21. HP: 159/215 MP: 17/17
 35768 | Vaults:3 | Reached skill level 18 in Shapeshifting
 35864 | Vaults:3 | Noticed Frederick
 35869 | Vaults:3 | Killed Frederick
 36433 | Vaults:4 | Identified the "Routirej"
 36590 | Vaults:4 | Reached skill level 15 in Fighting
 37643 | Vaults:4 | Found Udosiyxt's General Store.
 37651 | Vaults:4 | Bought a scroll of teleportation for 54 gold pieces
 37651 | Vaults:4 | Bought a scroll of teleportation for 54 gold pieces
 37772 | Vaults:5 | Entered Level 5 of the Vaults
 38179 | Crypt:3  | Identified the "Ketzoc"
 38179 | Depths:1 | Entered Level 1 of the Depths
 38278 | Depths:1 | Noticed Saint Roka
 38303 | Depths:1 | Noticed a caustic shrike
 38307 | Depths:1 | Killed Saint Roka
 38307 | Depths:1 | Noticed a caustic shrike
 38308 | Depths:1 | Noticed a caustic shrike
 38313 | Depths:1 | Killed a caustic shrike
 38319 | Depths:1 | Killed a caustic shrike
 38320 | Depths:1 | Reached XP level 22. HP: 129/230 MP: 18/18
 38344 | Depths:1 | Reached skill level 19 in Shapeshifting
 38555 | Depths:1 | Found a gateway to Hell.
 38789 | Depths:1 | Killed a caustic shrike
 39275 | Depths:2 | Found a one-way gate leading to the halls of Pandemonium.
 39375 | Depths:2 | Found Gixuaremm's Antique Armour Emporium.
 39376 | Depths:2 | Noticed a golden dragon
 39376 | Depths:2 | Noticed a golden dragon
 39378 | Depths:2 | Found Pic Vuq's General Store.
 39378 | Depths:2 | Found Cimedwiu's Distillery.
 39383 | Depths:2 | Bought a masterwork cloak for 456 gold pieces
 39383 | Depths:2 | Identified the +1 cloak of Ysucud {rN+ Int+5} (You bought
                  | it in a shop on level 2 of the Depths)
 39383 | Depths:2 | Found Juesim Galu's General Store.
 39386 | Depths:2 | Bought a potion of cancellation for 96 gold pieces
 39389 | Depths:2 | Bought a potion of heal wounds for 90 gold pieces
 39392 | Depths:2 | Bought a potion of heal wounds for 100 gold pieces
 39532 | Depths:2 | Noticed the Enchantress
 39538 | Depths:2 | Killed the Enchantress
 39583 | Depths:2 | Found a one-way gateway to a ziggurat.
 39695 | Depths:2 | Identified the ring "Qeoru" {AC+4 Int+2}
 39699 | Depths:2 | Found a runed translucent door.
 40173 | Depths:2 | Identified the +2 scale mail of the Constellations
                  | {Rampage}
 40559 | Depths:3 | Identified the +2 robe of Inviolability {rElec rF- rN+}
 40831 | Depths:3 | Noticed Vv
 40845 | Depths:3 | Killed Vv
 40966 | Depths:3 | Found a bloodstained altar of Trog.
 40988 | Depths:3 | Found a one-way gate to the infinite horrors of the Abyss.
 41105 | Depths:3 | Found a sacrificial altar of Ru.
 41303 | Depths:4 | Entered Level 4 of the Depths
 41371 | Depths:4 | Reached skill level 20 in Shapeshifting
 41529 | Depths:4 | Reached XP level 23. HP: 241/241 MP: 19/19
 41821 | Depths:4 | Found a flickering gateway to a bazaar.
 41830 | Bazaar   | Entered a bazaar
 41833 | Bazaar   | Found Ebrianoc's Assorted Antiques.
 41843 | Bazaar   | Found Ygoth's Armour Boutique.
 41846 | Bazaar   | Bought a runed demon blade for 396 gold pieces
 41866 | Bazaar   | Found Pixuket's Book Emporium.
 41872 | Bazaar   | Found Meluc's Distillery.
 41880 | Bazaar   | Bought a potion of cancellation for 80 gold pieces
 41880 | Bazaar   | Bought a potion of cancellation for 80 gold pieces
 41880 | Bazaar   | Bought a potion of heal wounds for 50 gold pieces
 42443 | D:11     | You paid a toll of a +4 demon blade to enter a treasure
                  | trove
 42444 | Trove    | Entered a treasure trove
 42538 | D:11     | Reached XP level 24. HP: 253/253 MP: 19/19
 43034 | Depths:4 | Found a stormy altar of Qazlal.
 43139 | Depths:4 | Found a white marble altar of Elyvilon.
 43296 | Depths:4 | Found a gate to the Realm of Zot.
 43606 | Vaults:5 | Noticed an ancient lich
 43620 | Vaults:5 | Killed an ancient lich
 43622 | Vaults:5 | Noticed an ancient lich
 43641 | Vaults:5 | Killed an ancient lich
 43674 | Vaults:5 | Noticed a dread lich
 43679 | Vaults:5 | Killed a dread lich
 43938 | Vaults:5 | Reached skill level 21 in Shapeshifting
 43979 | Vaults:5 | Identified the +8 quarterstaff "Moisionn" {freeze, Fly
                  | rPois}
 43979 | Vaults:5 | Identified the +1 ring mail of Eternal Night {+Inv rElec
                  | rF- Int+3}
 44052 | Vaults:5 | Reached XP level 25. HP: 265/265 MP: 19/19
 44171 | Vaults:5 | Identified the staff of Erghamem {+Blink rPois rC- Int+5
                  | Poison}
 44546 | Vaults:5 | Found Ihanolem's General Store.
 44547 | Vaults:5 | Found Jopn's Distillery.
 44550 | Vaults:5 | Found Veckeh's Antique Armour Shop.
 44553 | Vaults:5 | Bought a potion of might for 80 gold pieces
 44553 | Vaults:5 | Bought a potion of might for 80 gold pieces
 44553 | Vaults:5 | Bought a potion of haste for 200 gold pieces
 44557 | Vaults:5 | Bought a scroll of teleportation for 39 gold pieces
 44563 | Vaults:5 | Bought a scroll of enchant armour for 97 gold pieces
 44563 | Vaults:5 | Bought a scroll of enchant armour for 97 gold pieces
 44565 | Vaults:5 | Found Fasted's Distillery.
 44584 | Vaults:5 | Got a silver rune of Zot
 45089 | Elf:1    | Entered Level 1 of the Elven Halls
 45516 | Elf:1    | Found a radiant altar of Vehumet.
 45958 | Elf:2    | Identified the +2 war axe of Change {drain, rPois rCorr
                  | Dex-3 SInv}
 45964 | Elf:2    | Noticed Nikola
 45971 | Elf:2    | Killed Nikola
 45993 | Elf:2    | Paralysed by an air elemental for 1 turns
 45995 | Elf:2    | Paralysed by an air elemental for 1 turns
 46067 | Elf:2    | Paralysed by an air elemental for 1 turns
 46070 | Elf:2    | Paralysed by an air elemental for 1 turns
 46271 | Elf:2    | Found a runed translucent gate.
 46271 | Elf:2    | Found a runed translucent gate.
 46273 | Elf:2    | Found a runed translucent gate.
 46893 | Elf:3    | Entered Level 3 of the Elven Halls
 46923 | Elf:3    | Paralysed by an air elemental for 1 turns
 47139 | Elf:3    | Found Aqonauh's Distillery.
 47146 | Elf:3    | Bought 2 potions of haste for 260 gold pieces
 47566 | Elf:3    | Identified the +11 dagger "Faggi" {freeze, *Slow rCorr
                  | Stlth+}
 47693 | Elf:3    | Identified the ring "Fowet" {Fly rElec rC++ AC+4 Int-3}
 47851 | Elf:3    | Identified the ring "Viteys" {rElec rF- rC+ Will+ Dex+8}
 47854 | Elf:3    | Identified the amulet of Ojoci {RegenMP -Tele rN+ Int+4}
 47863 | Elf:3    | Identified the ring "Joen" {Contam +Blink rN+ rCorr Dex-2}
 48001 | Elf:3    | Reached skill level 22 in Shapeshifting
 48404 | Crypt:1  | Entered Level 1 of the Crypt
 48550 | Crypt:1  | Found a huge runed translucent gate.
 48551 | Crypt:1  | Found a huge runed translucent gate.
 48551 | Crypt:1  | Found a huge runed translucent gate.
 48551 | Crypt:1  | Found a huge runed translucent gate.
 48552 | Crypt:1  | Found a huge runed translucent gate.
 48552 | Crypt:1  | Found a huge runed translucent gate.
 48552 | Crypt:1  | Found a huge runed translucent gate.
 48555 | Crypt:1  | Found a huge runed translucent gate.
 48555 | Crypt:1  | Found a huge runed translucent gate.
 49160 | Crypt:1  | Reached XP level 26. HP: 279/279 MP: 19/19
 49277 | Crypt:2  | Noticed Donald
 49283 | Crypt:1  | Killed Donald
 49492 | Crypt:1  | Reached skill level 23 in Shapeshifting
 50265 | Crypt:2  | Found a runed translucent door.
 50267 | Crypt:2  | Found a shimmering altar of Xom.
 50278 | Crypt:2  | Noticed Asajosug's ghost (legendary GrBe)
 50338 | Crypt:2  | Noticed Khufu
 50339 | Crypt:2  | Noticed a royal mummy
 50343 | Crypt:2  | Noticed a royal mummy
 50345 | Crypt:2  | Killed Khufu
 50369 | Crypt:2  | Killed a royal mummy
 50371 | Crypt:2  | Noticed a royal mummy
 50377 | Crypt:2  | Killed a royal mummy
 50865 | Crypt:2  | Killed a royal mummy
 50905 | Crypt:2  | Reached skill level 24 in Shapeshifting
 51182 | Crypt:3  | Entered Level 3 of the Crypt
 51232 | Crypt:3  | Identified the ring of Unugeu {rN+ Dex+2}
 51232 | Crypt:3  | Identified the ring of Yzoarch {rC+ rN+}
 51232 | Crypt:3  | Identified the ring "Lokaepn" {Fly rPois rN+ Str-5 Stlth+}
 51370 | Crypt:3  | Found a basalt altar of Yredelemnul.
 51648 | Crypt:3  | Identified the +2 short sword "Nerorur" {freeze, Int+3}
 52076 | Crypt:3  | Found a staircase to the Tomb.
 52236 | Crypt:3  | Reached skill level 25 in Shapeshifting
 52248 | Crypt:3  | Identified the +7 dagger of Effe {antimagic, *Rage rPois
                  | rN+}
 52919 | Zot:1    | Entered Level 1 of the Realm of Zot
 53424 | Zot:1    | Killed from afar by a quicksilver dragon

Illustrated notes

Levels and vault maps discovered:
D:1:      minmay_arrival_jagged, layout_basic, minmay_stone_trees_small,
          minmay_pentomino_r4
D:2:      cheibrodos_pilgrimage, layout_basic
D:3:      layout_basic, st_stairs_6, dk_noncrumbling_4, serial_bayou_ford_a
D:4:      layout_rooms, temple_fountains, serial_shops, nicolae_take_the_stairs,
          uniq_eustachio, uniq_pikel, uniq_duvessa
D:5:      layout_loops_ring, serial_bayou_pond_b, minmay_misc_feat_chi,
          uniq_edmund
D:6:      layout_basic, makhleb_blood_cavern_becter, jmf_multi_god_temple2,
          minmay_misc_feat_roman, uniq_grinder
D:7:      layout_rooms, serial_co_window_serial, co_window_paths_b,
          co_window_corner_a, co_window_of_opportunity_a, co_window_corner_a,
          co_window_corner_a, co_window_broadway_a, co_window_of_opportunity_b,
          co_window_of_opportunity_c, co_window_corner_ca,
          co_window_of_opportunity_b, co_window_paths_d, glass_columns_a,
          glass_columns_c, glass_columns_b, glass_columns_a,
          serial_bayou_lagoon_a
D:8:      minmay_separated_statues, layout_basic, grunt_dithmenos_smoke,
          enter_ossuary_1, serial_park_tiny_2
D:9:      minmay_the_grid_triangle_9x9_recursive_2_mashed
          [minmay_the_grid_triangle_9x9_prize_insulated,
          minmay_the_grid_triangle_9x9_alien,
          minmay_the_grid_triangle_9x9_warning,
          minmay_the_grid_triangle_9x9_minimal], layout_basic
D:10:     layout_gridville, mainiacjoe_overflow_boulevard,
          nicolae_sif_muna_condensation, ebering_ghost_rock_garden,
          moated_statue, minmay_tree_intersection, bh_circular_ruins
D:11:     layout_small_grid, due_lair_maze_entry_diamond, david_orc_2,
          gauntlet_entry_generic, trove_entry_hex_spiral, uniq_erolcha,
          uniq_urug
D:12:     layout_long_grid, uniq_snorg, uniq_maurice
D:13:     layout_big_octagon, nicolae_hepliaklqana_monster_ancestors
D:14:     minmay_ambush_box, layout_basic, kennysheep_decorative_pillar
D:15:     gammafunk_enter_depths_forms, layout_cave_pods,
          serial_library_hellmonk_recessed_alcove, grunt_decor_fettered,
          uniq_nessos, uniq_roxanne
Temple:   regret_index_temple_sphere_string
Lair:1:   layout_cave_shapes, uniq_joseph, uniq_grum, uniq_harold
Lair:2:   layout_regular_city, basic_altar, nicolae_lair_run_with_the_wolves
Lair:3:   layout_cave_pods, minmay_shoals_entry_lonely_mermaid,
          spider_nest_entry_web_field, basic_altar
Lair:4:   layout_loops_ring, gammafunk_ghost_split
Lair:5:   minmay_lair_end_enchanted_forest, layout_loops_ring, slime_entry_1,
          grunt_megastairs_4
Shoals:1: layout_shoals, nicolae_specific_store,
          nicolae_shoals_kraken_intersection
Shoals:2: layout_shoals, regret_index_shoals_crete, uniq_frances
Shoals:3: layout_shoals, nicolae_shoals_elemental_ambush
Shoals:4: shoals_end_simple, layout_shoals,
          nicolae_shoals_lost_giant_amphitheater
Spider:1: layout_spider_delve
Spider:2: layout_spider_delve
Spider:3: layout_spider_delve
Spider:4: spider_rune_water
Orc:1:    layout_caves, enter_volcano_4, uniq_erica, uniq_nergalle
Orc:2:    grunt_orc_cross, layout_diamond_mine
Elf:1:    eino_elf_arrival_sip, layout_loops_corners, basic_altar,
          minmay_elf_crystal_hexagon
Elf:2:    nicolae_elf_blades_splatter_lattice [grunt_blade_entry_basic],
          layout_loops_cross, nicolae_elf_stair_hall, uniq_nikola
Elf:3:    minmay_elf_hall_golems, layout_geoelf_grid, serial_shops, shop,
          st_stairs_3, minivault_24
Vaults:1: grunt_vaults_hallway_long, nicolae_vaults_closet_pinwheel_3,
          nicolae_vaults_offset_grid_hallway_2, grunt_vaults_twisty,
          nicolae_vaults_big_angled_halls, nicolae_vaults_trapezoid_3,
          v_alt_pattern_4, nicolae_vaults_security_offices_2,
          nicolae_vaults_big_ls, nicolae_vaults_three_branches,
          ontoclasm_vaults_chip, nicolae_vaults_storage_room_glass,
          ontoclasm_vaults_loading_screen, vaults_dpeg_diagonal,
          layout_vaults_maze_snakey, serial_shops, bzr_firewalk
Vaults:2: v_misc_28, v_alt_pattern_2, v_misc_2, minmay_crypt_entry_necro_gods,
          nicolae_vaults_double_plus_3, vaults_room_semicircle,
          nicolae_vaults_taking_the_gang_shopping, vaults_mumra_chevron,
          nicolae_vaults_six-pack, v_rooms_1, nicolae_vaults_tetromino_L_2,
          layout_vaults_omnigrid, uniq_jory, uniq_sojobo, uniq_norris,
          uniq_aizul, uniq_asterion
Vaults:3: v_misc_16, v_alt_pattern_3, nicolae_vaults_shrinking_rooms_1,
          vaults_room_grid, nicolae_vaults_trapezoid_3,
          nicolae_vaults_double_plus_3, v_misc_9,
          nicolae_vaults_offset_grid_hallway_4,
          vaults_standard_mumra_enter_the_diamond, vaults_room_octagon,
          nicolae_vaults_specimen_jars, v_alt_pattern_5,
          nicolae_vaults_storage_closets_1, layout_vaults_ring, serial_shops,
          nicolae_shop_window_shopping, uniq_margery, uniq_frederick,
          uniq_xtahua
Vaults:4: v_pattern_5, nicolae_vaults_variable_pillar_hall,
          hangedman_vaults_slither, vaults_dpeg_cross,
          hangedman_vaults_stretched_pinwheel, nicolae_vaults_border_crossing,
          nicolae_vaults_network_periphery, nicolae_vaults_closet_pinwheel_3,
          nicolae_vaults_corridor_and_loot_room, nicolae_vaults_theta,
          nicolae_vaults_wine_cellar, nicolae_vaults_double_plus_1,
          layout_vaults_omnicross, serial_shops, shop_statue
Vaults:5
Crypt:1:  cheibrodos_crypt_3hun_7po, layout_chaotic_city, st_stairs_7,
          minivault_26, palyth_stone_intersect
Crypt:2:  layout_chaotic_city, ebering_ghost_xom, evilmike_ambush
          [evilmike_ambush_outer_basic, evilmike_ambush_inner_basic],
          uniq_donald, uniq_khufu
Crypt:3:  evilmike_haunted_forest
Depths:1: layout_cave_shapes, nicolae_hell_entry_hellmouth_sunbeams,
          nrook_uturn, kennysheep_potato, serial_bayou_shore_b, uniq_saint_roka
Depths:2: minmay_haunted_quarter, layout_long_grid, enter_ziggurat_d,
          rand_demon_pan_entry_5, nicolae_zig_zag_zippers, pf_coc_iceberg,
          minmay_st_funbox, minmay_shoptagon, uniq_enchantress
Depths:3: kennysheep_scales, layout_cave_pools, grunt_hell_entry_dis_grunt,
          abyss_entry, bloody_trog, nicolae_ru_path_of_blood,
          infiniplex_staircase_pool_2, uniq_vv
Depths:4: grunt_zot_entry_gee_three, layout_gridlike, hell_entry, serial_shops,
          bzr_entry_islet, abyss_entry_small_statue_room, elyvilon_altar_4,
          hex_large, nicolae_qazlal_eye_of_the_storm
Zot:1:    layout_misc_corridors, nicolae_transporter_circle

Skill      XL: |  1  2  3  4  5  6  7  8  9 10 11 12 13 14 15 16 17 18 19 20 21 22 23 24 25 26 |
---------------+-------------------------------------------------------------------------------+-----
Unarmed Combat | 4 5 6 8 10 11 13 14 15 16 17 18 19 20 21 22 23 | 23.8
Shapeshifting  | 5 9 10 12 13 14 15 16 17 18 20 21 22 25 | 25.1
Fighting       | 2 4 6 8 10 11 13 14 15 16 17 18 19 | 19.3
Throwing       | 9 10 | 10.4
Dodging        | 7 10 | 10.0
Shields        | 8 14 16 18 19 | 19.0

Action                     |  1- 3 |  4- 6 |  7- 9 | 10-12 | 13-15 | 16-18 | 19-21 | 22-24 | 25-27 || total
---------------------------+-------+-------+-------+-------+-------+-------+-------+-------+-------++-------
  Melee: Unarmed           |    45 |    99 |   247 |   469 |  1028 |   643 |  1169 |   757 |  1110 ||  5567
         Punch             |       |     4 |    14 |     4 |     4 |    59 |    15 |       |       ||   100
         Constrict         |       |       |       |    77 |   189 |       |       |       |       ||   266
  Throw: Large rock        |       |       |       |       |       |     4 |     3 |     3 |     6 ||    16
         Javelin           |       |       |       |       |       |       |       |       |     2 ||     2
 Invoke: Serpent's Lash    |       |       |       |       |     9 |     4 |     4 |     2 |     5 ||    24
         Heavenly Storm    |       |       |       |       |     2 |       |     1 |     4 |     1 ||     8
Ability: Lunge             |       |       |    34 |    80 |   157 |    75 |    96 |    52 |   105 ||   599
         Whirlwind         |       |       |     3 |    18 |   166 |    83 |   129 |   207 |    72 ||   678
  Evoke: Wand              |       |       |       |       |     7 |     1 |       |       |       ||     8
    Use: Potion            |       |       |     3 |     1 |     1 |     2 |     1 |     7 |       ||    15
         Scroll            |       |       |    10 |    11 |    11 |     4 |     7 |     4 |    11 ||    58
   Stab: Sleeping          |     2 |       |     1 |       |       |       |     5 |     3 |       ||    11
         Distracted        |       |       |       |     2 |       |     2 |       |       |     1 ||     5
         Fleeing           |       |       |       |     1 |       |       |       |       |       ||     1
         Petrified         |       |       |       |       |     2 |       |       |       |       ||     2
 Armour: Animal skin       |    25 |    81 |   140 |    42 |       |       |       |       |       ||   288
         Skin              |       |       |    18 |   279 |   663 |   991 |  1263 |   405 |   318 ||  3937
         Steam dragon scal |       |       |       |     3 |       |       |       |       |       ||     3
         Gold dragon scale |       |       |       |       |       |       |       |       |   147 ||   147
  Dodge: Dodged            |    16 |    65 |    92 |   152 |   334 |   425 |   611 |   266 |   169 ||  2130
  Block: Tower shield      |       |       |       |       |       |       |  1287 |   678 |  1033 ||  2998
         Reflection        |       |       |       |       |       |       |   103 |    27 |    38 ||   168
   Form: Anaconda          |       |       |       |     1 |       |       |       |       |       ||     1
         Statue            |       |       |       |       |     1 |     1 |     1 |     2 |       ||     5
                           |       |       |       |       |       |     1 |     1 |     2 |     1 ||     5
         Death             |       |       |       |       |       |       |       |       |     2 ||     2

Table legend: (Time is in decaauts)
 A = Elapsed time spent in this place.
 B = Non-inter-level travel time spent in this place.
 C = Inter-level travel time spent in this place.
 D = Time resting spent in this place.
 E = Time spent auto-exploring this place.
 F = Levels seen in this place.
 G = Mean time per level.
                   A        B        C        D        E       F      G
               +--------+--------+--------+--------+--------+-----+--------+
         Total |  65552 |  58462 |   7090 |   9465 |  33628 |  54 | 1213.9 |
       Dungeon |  15994 |  13783 |   2211 |   2674 |   7637 |  15 | 1066.3 |
        Temple |     44 |      1 |     43 |      0 |      0 |   1 |   44.0 |
          Lair |   5842 |   4713 |   1129 |    440 |   2990 |   5 | 1168.4 |
        Shoals |   6122 |   5530 |    592 |   1091 |   2299 |   4 | 1530.5 |
   Spider Nest |   6865 |   6265 |    600 |   1749 |   3000 |   4 | 1716.2 |
  Orcish Mines |   1629 |   1398 |    231 |     93 |    895 |   2 |  814.5 |
   Elven Halls |   4664 |   4249 |    415 |    259 |   3189 |   3 | 1554.7 |
        Vaults |  10825 |   9841 |    984 |    938 |   6610 |   5 | 2165.0 |
         Crypt |   4375 |   4220 |    155 |    879 |   2446 |   3 | 1458.3 |
        Depths |   6898 |   6172 |    726 |    971 |   3841 |   4 | 1724.5 |
           Zot |    127 |    127 |      0 |     21 |     11 |   1 |  127.0 |
         Abyss |    644 |    644 |      0 |     56 |    249 |   1 |  644.0 |
        Bazaar |    329 |    329 |      0 |    150 |     76 |   2 |  164.5 |
         Trove |    139 |    139 |      0 |      0 |     96 |   1 |  139.0 |
       Ossuary |    440 |    440 |      0 |    100 |     49 |   1 |  440.0 |
       Volcano |    259 |    259 |      0 |     19 |     88 |   1 |  259.0 |
      Gauntlet |    348 |    348 |      0 |     21 |    150 |   1 |  348.0 |
               +--------+--------+--------+--------+--------+-----+--------+

Top non-repeatable levels by time:
Vaults:2: 2579 daAuts
Vaults:4: 2406 daAuts
Depths:2: 2119 daAuts
Vaults:5: 2093 daAuts
Depths:4: 2041 daAuts
Vaults:3: 2034 daAuts
   Elf:3: 1911 daAuts
Spider:2: 1902 daAuts
Spider:4: 1900 daAuts
 Crypt:1: 1896 daAuts
Shoals:2: 1805 daAuts
Vaults:1: 1710 daAuts
Shoals:4: 1689 daAuts
Shoals:1: 1669 daAuts
    D:15: 1620 daAuts
